 Dungeon Crawl Stone Soup version 0.23.0-3-gf3c87f2 (webtiles) character file.

Game seed: 4437271065978453060

4027 xccam the Martial Artist (level 10, -9/69 HPs)
             Began as an Octopode Transmuter on Feb 21, 2019.
             Was an Initiate of Ru.
             Mangled by an orc
             ... wielding a cursed +0 flail
              (10 damage)
             ... on level 9 of the Dungeon.
             The game lasted 00:23:42 (7450 turns).

xccam the Martial Artist (Octopode Transmuter)      Turns: 7450, Time: 00:23:43

Health: -9/69      AC:  1    Str: 18    XL:     10   Next: 24%
Magic:  13/13      EV: 17    Int: 16    God:    Ru [......]
Gold:   294        SH:  0    Dex: 15    Spells: 10/13 levels left

rFire    + . .     SeeInvis .     - Unarmed
rCold    . . .     Gourm    .   (no shield)
rNeg     . . .     Faith    .   (helmet restricted)
rPois    .         Spirit   .   e - amulet of regeneration
rElec    .         Reflect  .   k - +3 ring of strength
rCorr    .         Harm     .   w - ring of protection from fire
MR       .....                  (no ring)
Stlth    ++++......             (no ring)
HPRegen  0.61/turn              (no ring)
MPRegen  0.13/turn              (no ring)
                                (no ring)
                                (no ring)

@: mighty, berserk cooldown, slowed, very slow
A: almost no armour, stealthy swim, amphibious, 8 rings, constrict 8, camouflage
1, gelatinous body 1
a: Sacrifice Love, Sacrifice Courage, Sacrifice Skill, Reject Sacrifices,
Renounce Religion


You were on level 9 of the Dungeon.
You worshipped Ru.
Ru was noncommittal.
You were not hungry.

You visited 2 branches of the dungeon, and saw 10 of its levels.

You collected 474 gold pieces.
You spent 180 gold pieces at shops.

Inventory:

Missiles
 a - 167 arrows
Armour
 m - a +0 shield
Jewellery
 e - an amulet of regeneration (around mantle)
 k - a +3 ring of strength (left tentacle)
 w - a ring of protection from fire (right tentacle)
Wands
 l - a wand of polymorph (9)
 n - a wand of flame (5)
 p - a wand of acid (4)
 q - a wand of paralysis (16)
 s - a wand of digging (4)
 D - a wand of enslavement (6)
Scrolls
 f - 4 scrolls of enchant weapon {unknown}
 g - 2 scrolls of remove curse
 h - a scroll of noise {unknown}
 j - 3 scrolls of immolation {unknown}
 o - a scroll of amnesia
 u - 2 scrolls of fear {unknown}
 v - a scroll of random uselessness {unknown}
 y - a scroll of identify
 z - a scroll of teleportation
Potions
 b - 4 potions of haste
 i - a potion of mutation
 r - a potion of flight
 A - a potion of cancellation
Comestibles
 c - 9 rations


   Skills:
 + Level 6.5 Fighting
 + Level 6.7 Dodging
 - Level 4.5 Stealth
 - Level 3.0 Shields
 + Level 8.9 Unarmed Combat
 - Level 2.0 Spellcasting
 - Level 6.2 Transmutations


You had 10 spell levels left.
You knew the following spells:

 Your Spells              Type           Power        Failure   Level  Hunger
a - Beastly Appendage     Tmut           ###...       1%          1    #......
b - Sticks to Snakes      Tmut           ###.....     2%          2    ###....

Your spell library contained the following spells:

 Spells                   Type           Power        Failure   Level  Hunger
 Spider Form              Tmut/Pois      ##........   17%         3    ###....
 Blade Hands              Tmut           ###.......   41%         5    ######.
 Ice Form                 Ice/Tmut       ##......     50%         4    #####..


Dungeon Overview and Level Annotations

Branches:
Dungeon (9/15)             Temple (1/1) D:7
   Lair: D:8-11         Orc: D:9-12

Altars:
Ashenzari
Cheibriados
Dithmenos
Elyvilon
Fedhas
Gozag
Hepliaklqana
Kikubaaqudgha
Makhleb
Nemelex Xobeh
Qazlal
Ru
Sif Muna
Trog
Uskayaw
Vehumet
Wu Jian
Xom
Yredelemnul
Zin
The Shining One

Shops:
D:6 ?

Annotations:
D:5 2 transporters, feelmyfire's ghost, novice GnIE


Innate Abilities, Weirdness & Mutations

You cannot wear most types of armour.
You are very stealthy in the water. (Stealth+)
You are amphibious.
You can wear up to eight rings at the same time.
You can use your tentacles to constrict eight enemies at once.
Your skin changes colour to match your surroundings (Stealth+).
Your rubbery body absorbs attacks. (AC +1, EV +1)


Message History

You kill the orc!
A bullfrog comes into view.
Ru believes you are ready to make a new sacrifice.
Okay, then.
Okay, then.
You feel a strong urge to attack something.
Items here: ) [[ † a +0 leather armour; a +0 whip; a +0 ring mail; an orc corpse You closely miss the orc.
Your grab misses the orc. You squeeze the orc!
You kill the orc!
You barely miss the orc. Your grab misses the orc.
You are no longer berserk.
You are exhausted.
You feel yourself slow down. The orc hits you.
* * * LOW HITPOINT WARNING * * *
You barely miss the orc. You grab the orc. You constrict the orc.
The orc hits you.
* * * LOW HITPOINT WARNING * * *
The orc hits you with a cursed +0 flail!
You die...

###...
.....
#....
#....
+....
#..F.
#...o#####
#...o@...#
#.....)..#
#...######
#... #..
#.. #. ..


You could see a bullfrog and 2 orcs.

Vanquished Creatures
  Grinder (D:6)
  Prince Ribbit (D:5)
  2 hungry ghosts
  A basilisk (D:9)
  Duvessa (D:4)
  2 porcupines
  A black bear (D:6)
  An ice beast (D:5)
  3 sky beasts
  4 orc warriors
  A necrophage (D:6)
  An ogre (D:4)
  2 phantoms (D:6)
  A centaur (D:5)
  3 bullfrogs
  Dowan (D:4)
  2 scorpions
  4 killer bees (D:7)
  7 wights (D:6)
  A howler monkey (D:6)
  2 crimson imps
  2 quasits (D:6)
  4 jellies
  2 orc priests
  2 centaur skeletons
  4 iguanas
  3 orc wizards
  4 worker ants
  A hound skeleton (D:8)
  3 adders
  3 gnolls
  2 oozes
  8 leopard geckos
  34 orcs
  4 ball pythons
  6 giant cockroaches
  9 goblins
  4 hobgoblins
  11 jackals
  7 kobolds
  4 quokkas
  5 bats
  3 frilled lizards
  11 rats
  A plant (D:1)
179 creatures vanquished.

Vanquished Creatures (collateral kills)
  Blork the orc (D:6)
  An iguana (D:6)
  A gnoll (D:2)
  A kobold (D:2)
4 creatures vanquished.

Vanquished Creatures (others)
  3 fungi (D:9)
  10 plants (D:9)
  4 toadstools (D:3)
17 creatures vanquished.

Grand Total: 200 creatures vanquished

Notes
Turn   | Place    | Note
-------+----------+-------------------------------------------
     0 | D:1      | xccam the Octopode Transmuter began the quest for the Orb.
     0 | D:1      | Reached XP level 1. HP: 13/13 MP: 3/3
     2 | D:1      | Noticed a formicid
     2 | D:1      | Noticed a gargoyle
     4 | D:1      | Noticed a naga
     4 | D:1      | Noticed a ghoul
     6 | D:1      | Noticed a demigod
     6 | D:1      | Noticed a halfling
     8 | D:1      | Noticed a draconian
    10 | D:1      | Noticed an ogre
    10 | D:1      | Noticed a troll
    12 | D:1      | Noticed a dwarf
    12 | D:1      | Noticed a centaur
    14 | D:1      | Noticed a vine stalker
    14 | D:1      | Noticed a felid
    16 | D:1      | Noticed a spriggan
    16 | D:1      | Noticed a tengu
    18 | D:1      | Noticed an octopode
    18 | D:1      | Noticed a demonspawn
    20 | D:1      | Noticed a vampire
    20 | D:1      | Noticed an elf
    22 | D:1      | Noticed a minotaur
    24 | D:1      | Noticed a merfolk
    26 | D:1      | Noticed a human
    68 | D:1      | Reached XP level 2. HP: 3/18 MP: 5/5
   338 | D:1      | Learned a level 2 spell: Sticks to Snakes
   509 | D:1      | Reached XP level 3. HP: 19/23 MP: 6/6
   563 | D:1      | Reached skill level 4 in Unarmed Combat
  1181 | D:2      | Found a bloodstained altar of Trog.
  1260 | D:2      | Reached XP level 4. HP: 28/28 MP: 7/7
  2646 | D:3      | Found a radiant altar of Vehumet.
  2799 | D:4      | Found a sparkling altar of Nemelex Xobeh.
  2819 | D:4      | Reached XP level 5. HP: 23/33 MP: 8/8
  2877 | D:4      | Reached skill level 5 in Unarmed Combat
  2921 | D:4      | Noticed an ogre
  2926 | D:4      | Killed an ogre
  2926 | D:4      | Reached XP level 6. HP: 38/38 MP: 9/9
  3128 | D:4      | Noticed Duvessa
  3129 | D:4      | Noticed Dowan
  3336 | D:4      | Killed Duvessa
  3414 | D:4      | Killed Dowan
  3414 | D:4      | Reached skill level 6 in Unarmed Combat
  3414 | D:4      | Reached skill level 5 in Transmutations
  3414 | D:4      | Reached XP level 7. HP: 41/43 MP: 8/10
  3645 | D:5      | Entered Level 5 of the Dungeon
  3698 | D:5      | Found an ancient bone altar of Kikubaaqudgha.
  3794 | D:5      | Found a stormy altar of Qazlal.
  3867 | D:5      | Found a transporter.
  3868 | D:5      | Found a transporter.
  3868 | D:5      | Noticed feelmyfire's ghost (novice GnIE)
  3960 | D:5      | Found a shadowy altar of Dithmenos.
  3965 | D:5      | Noticed Prince Ribbit
  4021 | D:5      | Found a shadowy altar of Dithmenos.
  4026 | D:5      | Killed Prince Ribbit
  4026 | D:5      | Reached XP level 8. HP: 30/50 MP: 4/11
  4474 | D:6      | Noticed Blork the orc
  4497 | D:6      | Killed Blork the orc
  4510 | D:6      | Found a shattered altar of Ashenzari.
  4559 | D:6      | Reached skill level 7 in Unarmed Combat
  4653 | D:6      | Found a deep blue altar of Sif Muna.
  4796 | D:6      | Reached XP level 9. HP: 53/59 MP: 5/12
  4907 | D:6      | Reached skill level 5 in Dodging
  4907 | D:6      | Reached skill level 1 in Stealth
  5121 | D:6      | Found Xisayrph's Magic Scroll Shop.
  5144 | D:6      | Bought a scroll of identify for 30 gold pieces
  5144 | D:6      | Bought a scroll of identify for 30 gold pieces
  5144 | D:6      | Bought a scroll of teleportation for 45 gold pieces
  5144 | D:6      | Bought a scroll of teleportation for 45 gold pieces
  5144 | D:6      | Bought a scroll of identify for 30 gold pieces
  5158 | D:6      | Noticed Grinder
  5164 | D:6      | Killed Grinder
  5164 | D:6      | Reached skill level 5 in Fighting
  5362 | D:7      | Found a staircase to the Ecumenical Temple.
  5371 | Temple   | Entered the Ecumenical Temple
  5613 | D:7      | Reached skill level 8 in Unarmed Combat
  5620 | D:7      | Reached skill level 1 in Shields
  5698 | D:7      | Found an opulent altar of Gozag.
  5728 | D:7      | Found a shimmering altar of Xom.
  6103 | D:7      | Found a sacrificial altar of Ru.
  6104 | D:7      | Found a snail-covered altar of Cheibriados.
  6108 | D:7      | Became a worshipper of Ru the Awakened
  6510 | D:8      | Found the +8 whip "Snakebite" {curare, rPois}
  6699 | D:8      | Reached XP level 10. HP: 64/68 MP: 13/13
  7450 | D:9      | HP: 1/69 [orc (4)]
  7450 | D:9      | Mangled by an orc

Skill      XL: |  1  2  3  4  5  6  7  8  9 10 |
---------------+-------------------------------+-----
Unarmed Combat | 4 5 6 7 8 |  8.9
Transmutations | 3 4 5 6 |  6.2
Fighting       | 2 4 5 6 |  6.5
Dodging        | 4 6 |  6.7
Stealth        | 4 |  4.5
Shields        | 2 3 |  3.0
Spellcasting   | |  2.0

Action                   |  1- 3 |  4- 6 |  7- 9 | 10-12 || total
-------------------------+-------+-------+-------+-------++-------
Melee: Unarmed           |    93 |    89 |   243 |    66 ||   491
       Constrict         |    20 |    23 |    59 |     9 ||   111
       Tentacles         |    19 |    19 |    47 |    12 ||    97
       Punch             |     3 |     6 |    14 |     5 ||    28
       Kick              |    10 |    19 |    56 |    16 ||   101
 Cast: Beastly Appendage |     3 |     7 |    25 |     5 ||    40
       Sticks to Snakes  |       |     6 |    17 |     2 ||    25
Evoke: Wand              |       |     5 |    18 |       ||    23
  Use: Potion            |       |     1 |     3 |     4 ||     8
       Scroll            |       |       |     9 |     3 ||    12
 Stab: Sleeping          |     5 |     6 |    10 |     1 ||    22
       Distracted        |       |       |     1 |       ||     1
  Eat: Chunk             |     1 |     7 |    14 |     1 ||    23
       Ration            |       |       |       |     2 ||     2
Armor: Skin              |     4 |     6 |     8 |     1 ||    19
Dodge: Dodged            |    36 |    65 |   148 |    55 ||   304
